 Dungeon Crawl Stone Soup version 0.18-a0-455-gc7d4c65 (webtiles) character file.

219 Raultor the Insei (level 5, 0/46 HPs)
             Began as a Draconian Monk on Dec 1, 2015.
             Slain by a river rat (5 damage)
             ... in a sewer.
             The game lasted 00:07:07 (2611 turns).

Raultor the Insei (Draconian Monk)                  Turns: 2611, Time: 00:07:07

Health: 0/46       AC:  7    Str: 13    XL:     5   Next: 63%
Magic:  5/5        EV: 14    Int: 11    God:
Gold:   218        SH:  0    Dex: 14    Spells: 0 memorised, 4 levels left

rFire  . . .     SeeInvis .       - Unarmed
rCold  . . .     Clarity  .     (armour unavailable)
rNeg   . . .     SustAt   .     (no shield)
rPois  .         Gourm    .     (helmet restricted)
rElec  .         Spirit   .     (no cloak)
rCorr  .         Dsmss    .     k - +0 pair of gloves
rMut   .         Stasis   .     p - +0 pair of boots
MR     .....                    (no amulet)
Stlth  ++........               (no ring)
                                (no ring)

@: not resistant to hostile enchantments, unstealthy
A: unfitting armour, cold-blooded, AC +5
a: no special abilities


You were in a sewer.
You were not hungry.

You visited 1 branch of the dungeon, and saw 3 of its levels.
You also visited: Sewer.

You collected 218 gold pieces.

Inventory:

Missiles
 d - 27 poisoned needles
 r - a throwing net (quivered)
Armour
 k - a +0 pair of gloves (worn)
 p - a +0 pair of boots (worn)
Scrolls
 c - 2 scrolls of teleportation {unknown}
 e - 3 scrolls of enchant armour {unknown}
 h - 2 scrolls of magic mapping {unknown}
 i - a scroll of fog {unknown}
 j - 2 scrolls of identify {unknown}
Potions
 b - 4 potions of heal wounds {unknown}
 f - a potion of cancellation {unknown}
 l - a potion of agility {unknown}
 n - a potion of poison {unknown}
 q - 2 potions of curing {unknown}
Comestibles
 a - 3 bread rations
 g - a meat ration
 o - a royal jelly


   Skills:
 + Level 3.8 Fighting
 + Level 4.3 Dodging
 - Level 1.7 Stealth
 * Level 5.5 Unarmed Combat


You had 4 spell levels left.
You didn't know any spells.

Dungeon Overview and Level Annotations

Branches:
Dungeon (3/15)

Altars:
Kikubaaqudgha


Innate Abilities, Weirdness & Mutations

Your plain brown scales are hard (AC +5).
Your body does not fit into most forms of armour.
You are cold-blooded and may be slowed by cold attacks.


Message History

The river rat is moderately wounded.
You hit the river rat but do no damage.
The river rat is moderately wounded.
The river rat bites you.
* * * LOW HITPOINT WARNING * * *
The river rat bites you but does no damage.
You hit the river rat but do no damage.
The river rat is moderately wounded.
The river rat misses you.
The river rat bites you but does no damage.
You hit the river rat but do no damage.
The river rat is moderately wounded.
The river rat closely misses you. The river rat misses you.
You hit the river rat but do no damage.
The river rat is moderately wounded.
The river rat misses you. The river rat closely misses you.
You barely miss the river rat.
The river rat is moderately wounded.
The river rat bites you.
You die...

#≈#
#.#
#.#
#.#
#.#
#.#
#r#
#@#
#r#
#r#
#.#
#.#
#.#
#.#
###


You could see 2 river rats and a rat.

Vanquished Creatures
  Natasha (D:1)
  Robin (D:2)
  5 adders
  2 river rats (D:3)
  2 oozes
  5 worms
  2 giant geckos
  A ball python (D:3)
  10 bats
  A giant cockroach (D:1)
  11 hobgoblins
  8 jackals (D:2)
  9 kobolds
  3 quokkas (D:3)
  3 giant newts
  17 goblins
  13 rats
94 creatures vanquished.

Notes
Turn   | Place    | Note
--------------------------------------------------------------
     0 | D:1      | Raultor the Draconian Monk began the quest for the Orb.
     0 | D:1      | Reached XP level 1. HP: 19/19 MP: 1/1
   164 | D:1      | Reached XP level 2. HP: 12/26 MP: 2/2
  1070 | D:2      | Reached XP level 3. HP: 26/31 MP: 3/3
  1584 | D:2      | Reached XP level 4. HP: 37/39 MP: 4/4
  1588 | D:2      | Noticed Natasha
  1619 | D:1      | Killed Natasha
  1619 | D:1      | Reached skill level 5 in Unarmed Combat
  1755 | D:2      | Noticed Robin
  1770 | D:2      | Killed Robin
  1882 | D:2      | Reached XP level 5. HP: 46/46 MP: 5/5
  2469 | D:3      | Found an ancient bone altar of Kikubaaqudgha.
  2574 | D:3      | Found a glowing drain.
  2594 | Sewer    | Entered a sewer
  2611 | Sewer    | Slain by a river rat

Vault maps used:
D:1:      lightli_arrival_lavapool, hangedman_decor_lopped
D:2:      uniq_natasha, uniq_robin
D:3:      marbit_many_paths, portal_sewer_entry_e
Sewer:    sewer_kobolds

Action                   |  1- 3 |  4- 6 || total
-------------------------+-------+-------++-------
Melee: Unarmed           |   175 |   170 ||   345
 Stab: Sleeping          |     3 |     1 ||     4
  Eat: Chunk             |     2 |     4 ||     6
